 Dungeon Crawl Stone Soup version 0.21.1-1-g345015f (webtiles) character file.

3025 Mirai the Thaumaturge (level 9, -6/52 HPs)
             Began as a Deep Elf Conjurer on Apr 16, 2018.
             Killed by the air
             ... invoked by Gastronok
              (22 damage)
             ... on level 8 of the Dungeon.
             The game lasted 00:24:16 (7555 turns).

Mirai the Thaumaturge (Deep Elf Conjurer)           Turns: 7555, Time: 00:24:17

Health: -6/52      AC:  5    Str:  5    XL:     9   Next: 55%
Magic:  25/25      EV: 20    Int: 24    God:
Gold:   475        SH:  2    Dex: 15    Spells: 17/28 levels left

rFire    . . .     SeeInvis .   A - +0 falchion (vamp)
rCold    + . .     Gourm    .   (no shield)
rNeg     . . .     Faith    .   a - +0 robe
rPois    .         Spirit   .   D - +1 helmet "Puhilo" {rElec rC+}
rElec    +         Reflect  +   (no cloak)
rCorr    .         Harm     .   F - +0 pair of gloves
MR       .....                  (no boots)
Stlth    ++........             i - +2 amulet of reflection
HPRegen  0.17/turn              k - +4 ring of evasion
MPRegen  0.19/turn              w - +1 ring of slaying (curse)

@: no status effects
A: no striking features
a: no special abilities


You were on level 8 of the Dungeon.
You were very hungry.

You visited 2 branches of the dungeon, and saw 9 of its levels.

You collected 475 gold pieces.

Inventory:

Hand Weapons
 l - a +1 rapier of venom
 A - a +0 vampiric falchion (weapon)
 I - a cursed -2 great sword
Armour
 a - a +0 robe (worn)
 v - a +2 ring mail of magic resistance
 D - the +1 helmet "Puhilo" (worn) {rElec rC+}
   (You found it on level 6 of the Dungeon)

   It protects you from cold.
   It insulates you from electricity.
 F - a +0 pair of gloves (worn)
Jewellery
 i - a +2 amulet of reflection (around neck)
 k - a +4 ring of evasion (left hand)
 w - a cursed +1 ring of slaying (right hand)
 B - an uncursed ring of see invisible {unknown}
 G - a +2 ring of dexterity {unknown}
 J - an uncursed amulet of harm {unknown}
Wands
 y - a wand of disintegration (7)
Scrolls
 d - 12 scrolls of identify {unknown}
 e - 2 scrolls of magic mapping {unknown}
 f - 4 scrolls of remove curse {unknown}
 g - 11 scrolls of teleportation {unknown}
 h - 4 scrolls of fear {unknown}
 m - 2 scrolls of amnesia {unknown}
 n - a scroll of silence {unknown}
 o - 3 scrolls of enchant armour {unknown}
 r - a scroll of fog {unknown}
 s - a scroll of immolation {unknown}
 t - a scroll of noise {unknown}
 u - 2 scrolls of vulnerability {unknown}
 C - 2 scrolls of summoning {unknown}
Potions
 j - a potion of ambrosia {unknown}
 p - 2 potions of mutation {unknown}
 q - 3 potions of degeneration {unknown}
 x - 3 potions of curing
 z - a potion of agility {unknown}
 E - a potion of magic {unknown}
 H - a potion of invisibility {unknown}
Books
 b - a book of Conjurations

   Spells                             Type                      Level
   a - Magic Dart                     Conjuration                  1
   b - Searing Ray                    Conjuration                  2
   c - Dazzling Spray                 Conjuration/Hexes            3
   d - Fulminant Prism                Conjuration/Hexes            4
   e - Force Lance                    Conjuration/Translocation    4
   f - Iskenderun's Mystic Blast      Conjuration                  4
Comestibles
 c - 12 rations


   Skills:
 + Level 3.9 Fighting
 + Level 6.8 Dodging
 - Level 3.4 Stealth
 * Level 10.3 Spellcasting
 + Level 7.8 Conjurations
 + Level 5.6 Hexes
 + Level 3.0 Evocations


You had 17 spell levels left.
You knew the following spells:

 Your Spells              Type           Power        Failure   Level  Hunger
a - Magic Dart            Conj           ####         1%          1    None
b - Searing Ray           Conj           #####.       1%          2    None
c - Iskenderun's Mystic   Conj           #####...     1%          4    #......
d - Fulminant Prism       Conj/Hex       #####.....   3%          4    #......


Dungeon Overview and Level Annotations

Branches:
Dungeon (8/15)             Temple (1/1) D:7
   Lair: D:8-11

Altars:
Ashenzari
Cheibriados
Elyvilon
Fedhas
Gozag
Hepliaklqana
Kikubaaqudgha
Makhleb
Nemelex Xobeh
Okawaru
Qazlal
Ru
Sif Muna
Uskayaw
Wu Jian
Xom
Zin

Annotations:
D:8 Gastronok


Message History

You see here 10 gold pieces.
Gastronok gurgles horribly!
Gastronok waves his eye-stalks in wide circles.
The air twists around and strikes you!
Ouch! That really hurt!
* * * LOW HITPOINT WARNING * * *
Gastronok mumbles some strange words.
You see here a small jade amulet.
J - a small jade amulet You block the bat's attack.
The bat closely misses you.
You riposte.
You miss the bat. The bat closely misses you.
You riposte.
You hit the bat.
The bat is severely wounded.
You see here 10 gold pieces.
The bat barely misses you. The bat misses you.
You riposte.
You hit the bat.
You kill the bat!
The bat's corpse disappears in a puff of smoke!
Gastronok waves his eye-stalks in wide circles.
The air twists around and strikes you!
You die...

.#...#.#.......# ##.##.###
'#####.#.......###
#####..#..##
...............+..
.............
..####.#...(...#.#
#######..#.## ..#
#.#.#####...# ##.#.# ..#
#.#.#####._.# #....
######+#......... ......
#.......#####..##########
##.... #.......#
#....@r.......# ##...
#...>...# #.....ยง.......#
... #.......#
#......r......#
#.......###.............#
#....................w....
#.......###.............###
.........# #..........####
.#........ ...........#
####################.


You could see Gastronok, a river rat and a quokka.

Vanquished Creatures
  A two-headed ogre (D:8)
  Pikel (D:7)
  The ghost of Totori the Sneak, a novice NaWr of Makhleb (D:5)
  A sky beast (D:6)
  An ice beast (D:5)
  2 slaves (D:7)
  3 phantoms
  4 centaurs
  An ogre (D:7)
  A gnoll sergeant (D:7)
  A scorpion (D:5)
  A howler monkey (D:5)
  A crimson imp (D:6)
  A quasit (D:5)
  A centaur skeleton (D:5)
  A hound (D:4)
  3 iguanas
  2 orc wizards (D:4)
  6 worker ants
  A worker ant zombie (D:5)
  8 adders
  3 gnolls
  A shadow imp (D:8)
  An ooze (D:1)
  An adder zombie (D:5)
  3 worms
  2 dart slugs
  3 leopard geckos
  11 orcs
  4 ball pythons
  6 giant cockroaches
  9 goblins
  18 hobgoblins
  18 jackals
  9 kobolds
  6 bats
  5 frilled lizards
  A jackal skeleton (D:5)
  5 rats
148 creatures vanquished.

Vanquished Creatures (others)
  A slave (D:7)
  An ogre (D:7)
  2 gnolls (D:7)
  An adder zombie (D:7)
5 creatures vanquished.

Grand Total: 153 creatures vanquished

Notes
Turn   | Place    | Note
-------+----------+-------------------------------------------
     0 | D:1      | Mirai the Deep Elf Conjurer began the quest for the Orb.
     0 | D:1      | Reached XP level 1. HP: 10/10 MP: 6/6
   149 | D:1      | Reached XP level 2. HP: 9/15 MP: 1/8
   189 | D:1      | Learned a level 2 spell: Searing Ray
   333 | D:1      | Reached skill level 5 in Conjurations
   451 | D:1      | Reached XP level 3. HP: 14/19 MP: 2/9
  1139 | D:2      | Reached skill level 4 in Spellcasting
  1153 | D:2      | Reached XP level 4. HP: 13/24 MP: 3/12
  1510 | D:2      | Learned a level 4 spell: Iskenderun's Mystic Blast
  1517 | D:2      | Learned a level 4 spell: Fulminant Prism
  1561 | D:2      | Found a faded altar of an unknown god.
  2160 | D:3      | Reached XP level 5. HP: 28/28 MP: 10/14
  2308 | D:3      | Found a white marble altar of Elyvilon.
  2491 | D:3      | Found a deep blue altar of Sif Muna.
  2656 | D:4      | Reached skill level 5 in Spellcasting
  2919 | D:4      | Found an opulent altar of Gozag.
  2926 | D:4      | Reached skill level 1 in Fighting
  2926 | D:4      | Reached XP level 6. HP: 34/34 MP: 4/16
  3441 | D:4      | Reached skill level 6 in Spellcasting
  3713 | D:4      | Found a sacrificial altar of Ru.
  3724 | D:4      | Found a shattered altar of Ashenzari.
  3796 | D:5      | Entered Level 5 of the Dungeon
  3882 | D:5      | Reached skill level 1 in Hexes
  3882 | D:5      | Reached XP level 7. HP: 29/39 MP: 1/18
  4046 | D:5      | Reached skill level 7 in Spellcasting
  4402 | D:5      | Noticed Totori's ghost (novice NaWr)
  4645 | D:5      | Reached skill level 5 in Dodging
  4645 | D:5      | Reached XP level 8. HP: 45/45 MP: 2/21
  4841 | D:5      | Found a shimmering altar of Xom.
  4914 | D:5      | Killed Totori's ghost
  4914 | D:5      | Reached skill level 8 in Spellcasting
  4984 | D:5      | Found a hazy altar of Hepliaklqana.
  5689 | D:6      | Got a slimy helmet
  5700 | D:6      | Identified the +1 helmet "Puhilo" {rElec rC+} (You found it on level 6 of the Dungeon)
  5924 | D:6      | Found an ornate altar of the Wu Jian Council.
  6046 | D:6      | Found a sacrificial altar of Ru.
  6077 | D:7      | Noticed Pikel
  6085 | D:7      | Killed Pikel
  6085 | D:7      | Reached skill level 9 in Spellcasting
  6085 | D:7      | Reached skill level 1 in Evocations
  6085 | D:7      | Reached XP level 9. HP: 45/51 MP: 0/24
  6355 | D:7      | Found a staircase to the Ecumenical Temple.
  6364 | Temple   | Entered the Ecumenical Temple
  6841 | D:7      | Reached skill level 5 in Hexes
  7255 | D:8      | Noticed a two-headed ogre
  7269 | D:8      | Killed a two-headed ogre
  7269 | D:8      | Reached skill level 10 in Spellcasting
  7530 | D:8      | Found a snail-covered altar of Cheibriados.
  7546 | D:8      | Noticed Gastronok
  7555 | D:8      | Killed from afar by Gastronok

Skill      XL: |  1  2  3  4  5  6  7  8  9 |
---------------+----------------------------+-----
Conjurations   | 5 6 7 |  7.8
Spellcasting   | 4 5 6 7 9 10 | 10.3
Stealth        | 3 |  3.4
Dodging        | 3 4 5 6 |  6.8
Fighting       | 1 2 3 |  3.9
Hexes          | 1 3 4 5 |  5.6
Evocations     | 1 3 |  3.0

Action                   |  1- 3 |  4- 6 |  7- 9 || total
-------------------------+-------+-------+-------++-------
Melee: Unarmed           |    20 |     1 |       ||    21
       Hand axe          |       |     2 |       ||     2
       Long sword        |       |     7 |     2 ||     9
       Falchion          |       |       |    11 ||    11
 Cast: Magic Dart        |    64 |   108 |    63 ||   235
       Searing Ray       |     4 |    10 |    28 ||    42
       Iskenderun's Myst |       |     7 |    24 ||    31
Evoke: Wand              |       |       |     3 ||     3
  Use: Potion            |       |     4 |       ||     4
  Eat: Chunk             |     1 |     9 |     5 ||    15
       Ration            |       |       |     3 ||     3
Armor: Robe              |     9 |     6 |     8 ||    23
Dodge: Dodged            |    41 |    38 |    79 ||   158
Block: Other             |     3 |     2 |     6 ||    11
       Reflection        |       |       |     1 ||     1
       Rpst.: Long sword |       |     7 |     5 ||    12
       Falchion          |       |       |    13 ||    13
